 Seeded DCSS version 0.27-a0-1154-gfdeffcb720 (webtiles) character file.

Game seed: 6919691055512990457 (custom seed)

131 donath the Insei (level 5, -9/34 HPs)
             Began as an Octopode Transmuter on May 14, 2021.
             Was a Follower of Makhleb.
             Splashed by a jelly's acid (10 damage)
             ... on level 4 of the Dungeon.
             The game lasted 00:10:24 (3411 turns).

donath the Insei (Octopode Transmuter)              Turns: 3411, Time: 00:10:33

Health: -9/34      AC: -7    Str:  9    XL:     5   Next: 14%
Magic:  8/8        EV: 13    Int: 16    God:    Makhleb [*.....]
Gold:   134        SH:  0    Dex: 19    Spells: 2/8 levels left

rFire    . . .     SeeInvis .     - Unarmed
rCold    . . .     Faith    .   (no shield)
rNeg     . . .     Spirit   .   (helmet restricted)
rPois    .         Reflect  .   (no amulet)
rElec    .         Harm     .   p - +6 ring of dexterity
rCorr    .         Rampage  .   (no ring)
Will     .....                  (no ring)
Stlth    +++.......             (no ring)
HPRegen  0.11/turn              (no ring)
MPRegen  0.11/turn              (no ring)
                                (no ring)
                                (no ring)

@: wereblooded, corroded
A: almost no armour, amphibious, 8 rings, camouflage 1, gelatinous body 1,
(nimble swimmer 1), tentacles
a: Renounce Religion


You were on level 4 of the Dungeon.
You worshipped Makhleb.
Makhleb was aware of your devotion.
You visited 2 branches of the dungeon, and saw 5 of its levels.

You collected 134 gold pieces.

Inventory:

Hand Weapons
 q - a +0 flail
Missiles
 g - 76 stones
 r - 15 sling bullets
 s - 21 bolts
 u - 19 arrows
Armour
 i - a +0 tower shield
Magical Staves
 k - a staff of cold
Jewellery
 a - a ring of fire
 p - a +6 ring of dexterity (left tentacle)
Scrolls
 c - a scroll of enchant weapon {unknown}
 d - a scroll of identify {unknown}
 h - 6 scrolls of acquirement {unknown}
 j - a scroll of fog {unknown}
 o - a scroll of fear {unknown}
 t - a scroll of magic mapping {unknown}
Potions
 b - a potion of magic {unknown}
 e - 2 potions of might {unknown}
 f - a potion of berserk rage {unknown}
 l - a potion of resistance {unknown}
 m - a potion of heal wounds {unknown}
 n - a potion of lignification {unknown}


   Skills:
 * Level 2.2 Fighting
 - Level 2.1 Dodging
 - Level 1.5 Stealth
 + Level 4.7 Unarmed Combat
 - Level 2.1 Spellcasting
 - Level 2.1 Transmutations


You had 2 spell levels left.
You knew the following spells:

 Your Spells              Type           Power      Damage    Failure   Level
a - Beastly Appendage     Tmut           16%        N/A       9%          1
b - Wereblood             Tmut           8%         N/A       13%         2
c - Spider Form           Tmut/Pois      2%         N/A       36%         3

Your spell library contained the following spells:

 Spells                   Type           Power      Damage    Failure   Level
 Ice Form                 Ice/Tmut       5%         N/A       78%         4
 Hydra Form               Tmut           4%         N/A       93%         5


Dungeon Overview and Level Annotations

Branches:
Dungeon (4/15)             Temple (1/1) D:4

Altars:
Ashenzari
Cheibriados
Elyvilon
Kikubaaqudgha
Makhleb
Nemelex Xobeh
Okawaru
Qazlal
Ru
Sif Muna
Trog
Uskayaw
Vehumet
Xom
Yredelemnul
Zin
The Shining One


Innate Abilities, Weirdness & Mutations

You cannot wear most types of armour.
You are amphibious.
You can wear up to eight rings at the same time.
Your skin changes colour to match your surroundings (Stealth+).
Your rubbery body absorbs attacks. (AC +1, EV +1)
((You are camouflaged near water. (Stealth+)))
You have tentacles for arms and can constrict up to eight enemies at once.


Message History

You closely miss the butterfly. Your grab misses the butterfly.
Your squeeze misses the butterfly. You barely miss the butterfly.
Your grab misses the butterfly. You miss the butterfly. You grab the butterfly.
You squeeze the butterfly.
You kill the butterfly!
The helpless jelly fails to defend itself.
You bludgeon the jelly!
Your tentacles burn!
The jelly is heavily wounded.
The jelly barely misses you.
You tentacle-slap the jelly.
Your tentacles burn!
The jelly is heavily wounded.
The jelly barely misses you.
You tentacle-slap the jelly. The acid corrodes you!
Your tentacles burn!
The jelly is severely wounded.
The jelly barely misses you.
You tentacle-slap the jelly but do no damage.
Your tentacles burn!
Your tentacle-slap misses the jelly.
The jelly is severely wounded.
You tentacle-slap the jelly but do no damage.
Your tentacles burn!
The jelly is severely wounded.
The jelly hits you.
You are splashed with acid!
* * * LOW HITPOINT WARNING * * *
You tentacle-slap the jelly but do no damage.
Your tentacles burn!
* * * LOW HITPOINT WARNING * * *
The jelly is severely wounded.
The jelly barely misses you.
You tentacle-slap the jelly but do no damage.
Your tentacles burn!
* * * LOW HITPOINT WARNING * * *
The jelly is severely wounded.
The jelly barely misses you.
You barely miss the jelly.
You squeeze the jelly, but do no damage.
The jelly is severely wounded.
The jelly hits you.
* * * LOW HITPOINT WARNING * * *
The acid corrodes you!
You are splashed with acid!
You die...

####### #.....#
#.8.#.# ######
....[.# #....#
8.>.8.# #....#
......# #####....##
#.8.#.###.........#
###.............@J#
##....##.........#
#.....##.........#
#....###.........#
#....#
#............
#....#
#.........###
#....##.._....[..#
#....##..........#
#....##..........#


You could see a jelly.

Vanquished Creatures
  An orc priest (D:2)
  3 adders
  2 dart slugs (D:1)
  8 orcs
  5 ball pythons
  3 endoplasms
  2 giant cockroaches
  8 goblins
  8 hobgoblins
  5 quokkas
  2 bats (D:1)
  4 frilled lizards
  3 kobolds
  7 rats
  2 butterflies (D:4)
63 creatures vanquished.

Notes
Turn   | Place    | Note
-------+----------+-------------------------------------------
     0 | D:1      | donath the Octopode Transmuter began the quest for the Orb.
     0 | D:1      | Reached XP level 1. HP: 13/13 MP: 3/3
    58 | D:1      | Reached XP level 2. HP: 18/18 MP: 3/5
   115 | D:1      | Learned a level 2 spell: Wereblood
   318 | D:1      | Reached skill level 1 in Stealth
   522 | D:1      | Reached XP level 3. HP: 11/23 MP: 3/6
   729 | D:1      | Learned a level 3 spell: Spider Form
  1390 | D:2      | Reached skill level 4 in Unarmed Combat
  1390 | D:2      | Reached XP level 4. HP: 25/29 MP: 4/7
  1609 | D:2      | Found a faded altar of an unknown god.
  1627 | D:2      | Became a worshipper of Makhleb the Destroyer
  1627 | D:2      | Reached * piety under Makhleb
  2322 | D:3      | Found a white marble altar of Elyvilon.
  2323 | D:3      | Found a basalt altar of Yredelemnul.
  2814 | D:3      | Reached XP level 5. HP: 34/34 MP: 4/8
  2874 | D:3      | Found a broken altar of Ashenzari.
  2977 | D:4      | Noticed an ogre
  3064 | D:4      | Found a staircase to the Ecumenical Temple.
  3074 | Temple   | Entered the Ecumenical Temple
  3385 | D:4      | Found a shimmering altar of Xom.
  3411 | D:4      | HP: 1/34 [jelly (3)]
  3411 | D:4      | Splashed by a jelly's acid

Illustrated notes

Levels and vault maps discovered:
D:1:      dpeg_arrival_arbitrary_a, layout_basic
D:2:      layout_loops_ring, shapermc_ecumenical_altar_mp_highgroup
D:3:      layout_basic, nicolae_overflow_hidden_temple, general_overflow_altar
D:4:      layout_basic, xom_butterflies, minmay_temple_entry_statues_pillars,
          grunt_decor_fettered, minmay_shop_grid_forest,
          amcnicky_mini_corridor_feature, serial_bayou_pond_e,
          grunt_ministairs_10
Temple:   oiseaux_autumnal_temple

Skill      XL: |  1  2  3  4 |
---------------+-------------+-----
Stealth        | 1 |  1.5
Unarmed Combat | 4 |  4.7
Fighting       | 2 |  2.2
Dodging        | |  2.1
Spellcasting   | |  2.1
Transmutations | |  2.1

Action                   |  1- 3 |  4- 6 || total
-------------------------+-------+-------++-------
Melee: Unarmed           |    65 |    61 ||   126
       Kick              |    11 |     7 ||    18
       Constrict         |    18 |    13 ||    31
       Tentacles         |    14 |     8 ||    22
       Punch             |     3 |     1 ||     4
       Flail             |       |     2 ||     2
 Cast: Beastly Appendage |    13 |    10 ||    23
       Wereblood         |     2 |     3 ||     5
 Stab: Sleeping          |     8 |     9 ||    17
Armor: Skin              |     5 |     3 ||     8
Dodge: Dodged            |    26 |    33 ||    59

Table legend: (Time is in decaauts)
 A = Elapsed time spent in this place.
 B = Non-inter-level travel time spent in this place.
 C = Inter-level travel time spent in this place.
 D = Time resting spent in this place.
 E = Time spent auto-exploring this place.
 F = Levels seen in this place.
 G = Mean time per level.
                   A        B        C        D        E       F      G
               +--------+--------+--------+--------+--------+-----+--------+
         Total |   3398 |   3266 |    132 |      0 |   2537 |   5 |  679.6 |
       Dungeon |   3094 |   3011 |     83 |      0 |   2282 |   4 |  773.5 |
        Temple |    304 |    255 |     49 |      0 |    255 |   1 |  304.0 |
               +--------+--------+--------+--------+--------+-----+--------+

Top non-repeatable levels by time:
     D:1: 1331 daAuts
     D:2: 870 daAuts
     D:3: 809 daAuts
  Temple: 304 daAuts
     D:4: 82 daAuts
